 Dungeon Crawl Stone Soup version 0.25-a0-737-g26c3a87c45 (webtiles) character file.

Game seed: 9121532141526400574, levelgen mode: deterministic

62 wvc the Poker (level 3, -2/31 HPs)
             Began as a Draconian Monk on Apr 12, 2020.
             Was a Priest of Fedhas.
             Slain by a gnoll
             ... wielding a +0 halberd
              (6 damage)
             ... on level 3 of the Dungeon.
             The game lasted 00:03:08 (1653 turns).

wvc the Poker (Draconian Monk)                      Turns: 1653, Time: 00:03:09

Health: -2/31      AC:  5    Str: 13    XL:     3   Next: 85%
Magic:  3/3        EV: 13    Int: 10    God:    Fedhas [***...]
Gold:   121        SH:  0    Dex: 14    Spells: 2/2 levels left

rFire    . . .     SeeInvis .   a - +0 spear
rCold    . . .     Gourm    .   (no shield)
rNeg     . . .     Faith    +   (armour unavailable)
rPois    .         Spirit   .   (helmet restricted)
rElec    .         Reflect  .   (no cloak)
rCorr    +         Harm     .   (no gloves)
MR       .....                  (no boots)
Stlth    ++........             l - amulet of faith
HPRegen  0.10/turn              c - ring of resist corrosion
MPRegen  0.08/turn              (no ring)

@: no status effects
A: unfitting armour, cold-blooded, AC +5
a: Wall of Briars, Grow Ballistomycete, Renounce Religion


You were on level 3 of the Dungeon.
You worshipped Fedhas.
Fedhas was most pleased with you.
You were hungry.

You visited 1 branch of the dungeon, and saw 3 of its levels.

You collected 121 gold pieces.

Inventory:

Hand Weapons
 a - a +0 spear (weapon)
Jewellery
 c - a ring of resist corrosion (left hand)
 l - an amulet of faith (around neck)
Scrolls
 f - 3 scrolls of magic mapping
 h - a scroll of immolation {unknown}
 i - a scroll of amnesia {unknown}
 k - a scroll of remove curse {unknown}
Potions
 d - a potion of heal wounds
 e - a potion of berserk rage {unknown}
 g - 2 potions of magic
 j - a potion of flight {unknown}
 n - a potion of curing {unknown}
Comestibles
 b - 3 rations


   Skills:
 - Level 3.2 Fighting
 + Level 4.8 Polearms
 - Level 2.6 Dodging
 - Level 1.7 Stealth


You had 2 spell levels left.
You didn't know any spells.
Your spell library was empty.

Dungeon Overview and Level Annotations

Branches:
Dungeon (3/15)

Altars:
Fedhas
The Shining One


Innate Abilities, Weirdness & Mutations

Your plain brown scales are hard. (AC +5)
You cannot fit into any form of body armour.
You are cold-blooded and may be slowed by cold attacks.


Message History

You hit the gnoll but do no damage.
The gnoll is lightly wounded.
You are feeling hungry.
The gnoll closely misses you.
You closely miss the gnoll.
Your tail-slap misses the gnoll.
The gnoll is lightly wounded.
The gnoll barely misses you.
You barely miss the gnoll.
Your tail-slap misses the gnoll.
The gnoll is lightly wounded.
You hit the gnoll but do no damage.
The gnoll is lightly wounded.
The gnoll barely misses you.
You hit the gnoll.
The gnoll is heavily wounded.
The gnoll closely misses you.
You hit the gnoll.
The gnoll is heavily wounded.
The gnoll hits you with a +0 halberd.
You die...
Fedhas appreciates your contribution to the ecosystem.

#########
#.(......
#@# #g#
#.# #.#
#.# #.#
#.# ..#


You could see a gnoll.

Vanquished Creatures
  A gnoll (D:1)
  An adder (D:2)
  3 worms (D:2)
  A dart slug (D:2)
  2 giant cockroaches
  3 goblins
  4 hobgoblins
  6 kobolds (D:1)
  5 bats (D:2)
  2 frilled lizards
  6 rats
34 creatures vanquished.

Notes
Turn   | Place    | Note
-------+----------+-------------------------------------------
     0 | D:1      | wvc the Draconian Monk began the quest for the Orb.
     0 | D:1      | Reached XP level 1. HP: 19/19 MP: 1/1
   145 | D:1      | Reached XP level 2. HP: 8/26 MP: 2/2
   730 | D:1      | Reached skill level 4 in Polearms
  1003 | D:2      | Reached XP level 3. HP: 25/31 MP: 3/3
  1105 | D:2      | Found a glowing golden altar of the Shining One.
  1309 | D:2      | Found a faded altar of an unknown god.
  1362 | D:2      | Became a worshipper of Fedhas Madash
  1362 | D:2      | Reached * piety under Fedhas
  1362 | D:2      | Reached ** piety under Fedhas
  1550 | D:2      | Reached *** piety under Fedhas
  1653 | D:3      | Slain by a gnoll

Levels and vault maps discovered:
D:1:      tarquinn_simple_flora_water_b, layout_rooms
D:2:      layout_basic, old_standard_altar, chequers_ecumenical_altar_island,
          minmay_door_square
D:3:      layout_loops_ring, marbit_many_paths, first_ration

Skill      XL: |  1  2 |
---------------+-------+-----
Polearms       | 4 |  4.8
Fighting       | |  3.2
Dodging        | |  2.6
Stealth        | |  1.7

Action                   || total
-------------------------++-------
Melee: Spear             ||   171
       Tailslap          ||    10
  Use: Scroll            ||     2
 Stab: Sleeping          ||     2
  Eat: Chunk             ||     2
Armor: Skin              ||    24
Dodge: Dodged            ||    82

Table legend:
 A = Non-vault XP
 B = Vault XP
 C = Vault XP percentage of total XP
 D = Non-vault monster count
 E = Vault monster count
 F = Vault count percentage of total count
                 A         B        C        D         E       F
            +---------+---------+-------+---------+---------+-------
      Total |      89 |       0 |   0.0 |      34 |       0 |   0.0
            +---------+---------+-------+---------+---------+-------
        D:1 |      36 |       0 |   0.0 |      14 |       0 |   0.0
        D:2 |      53 |       0 |   0.0 |      20 |       0 |   0.0
            +---------+---------+-------+---------+---------+-------
